PBL
TROIS-RIVERES AIGLES @ COLUMBUS REDS
05/21/2045
 
TOP OF THE 1ST
Trois-Riveres Aigles batting - Pitching for Columbus Reds : RHP Brian Trejo
Pitching: RHP Brian Trejo
Batting: LHB Jonathan Spino 0-0: Ball
1-0: Fly out, F8 (Flyball, 8RS, EV 83.1 MPH)
Batting: RHB Josh Harmon 0-0: Called Strike
0-1: Fly out, F8 (Line Drive, 8RD, EV 98.1 MPH)
Batting: LHB Rich Matthews 0-0: Ball
1-0: SINGLE (Line Drive, 9S, EV 100.6 MPH)
Batting: LHB Dave Northam 0-0: Ball
1-0: Ball
2-0: SINGLE (Groundball, 6MS, EV 70.0 MPH) (infield hit)
Rich Matthews to second
Batting: RHB Jason Penfield 0-0: Called Strike
0-1: Fly out, F9 (Flyball, 89M, EV 86.2 MPH)
Top of the 1st over - 0 runs, 2 hits, 0 errors, 2 left on base; Trois-Riveres 0 - Columbus 0
BOTTOM OF THE 1ST
Columbus Reds batting - Pitching for Trois-Riveres Aigles : RHP Angelo Mora
Pitching: RHP Angelo Mora
Batting: LHB Keith Egan 0-0: Ball
1-0: Foul Ball, location: 2F
1-1: Swinging Strike
1-2: Ball
2-2: Ball
3-2: Reached on error, E4 (Groundball, 4, EV 103.8 MPH)
Batting: LHB Jamie Spangenberg 0-0: Fly out, F8 (Flyball, 8RS, EV 90.6 MPH)
Batting: SHB Kristian Kristensen 0-0: Called Strike
0-1: Ball
Keith Egan is caught stealing 2nd base 2-6
1-1: Ball
2-1: Foul Ball, location: 2F
2-2: Ball
3-2: Base on Balls
Batting: LHB Matt Kennedy 0-0: Ground out 4-3 (Groundball, 4, EV 86.2 MPH)
Bottom of the 1st over - 0 runs, 0 hits, 1 error, 1 left on base; Trois-Riveres 0 - Columbus 0
TOP OF THE 2ND
Trois-Riveres Aigles batting - Pitching for Columbus Reds : RHP Brian Trejo
Batting: RHB Alex Diaz 0-0: Called Strike
0-1: Foul Ball, location: 2F
0-2: Strikes out swinging
Batting: LHB Sean Banks 0-0: Ball
1-0: SINGLE (Line Drive, 4MD, EV 101.2 MPH)
Batting: RHB Alex Koral 0-0: Swinging Strike
0-1: Foul Ball, location: 2F
0-2: Strikes out looking
Batting: RHB Wan-ling Zhu 0-0: Ball
1-0: Ball
2-0: Called Strike
2-1: Foul Ball, location: 2F
2-2: Strikes out swinging
Top of the 2nd over - 0 runs, 1 hit, 0 errors, 1 left on base; Trois-Riveres 0 - Columbus 0
BOTTOM OF THE 2ND
Columbus Reds batting - Pitching for Trois-Riveres Aigles : RHP Angelo Mora
Batting: RHB Andy Bachman 0-0: Called Strike
0-1: Ball
1-1: Ground out 4-3 (Groundball, 4M, EV 102.5 MPH)
Batting: SHB Jaivata Mohanty 0-0: Ball
1-0: Ball
2-0: Called Strike
2-1: Fly out, F8 (Line Drive, 8LM, EV 111.9 MPH)
Batting: RHB Sang-ton Pak 0-0: Ball
1-0: Called Strike
1-1: Foul Ball, location: 2F
1-2: Foul Ball, location: 2F
1-2: Ball
2-2: SINGLE (Line Drive, 34, EV 102.5 MPH)
Batting: RHB Juan Zamora 0-0: Ball
1-0: Called Strike
1-1: Swinging Strike
1-2: Ball
2-2: Ball
3-2: Fly out, F7 (Flyball, 7S, EV 89.4 MPH)
Bottom of the 2nd over - 0 runs, 1 hit, 0 errors, 1 left on base; Trois-Riveres 0 - Columbus 0
TOP OF THE 3RD
Trois-Riveres Aigles batting - Pitching for Columbus Reds : RHP Brian Trejo
Batting: LHB Jonathan Spino 0-0: DOUBLE (Flyball, 8LXD, EV 93.8 MPH)
Batting: RHB Josh Harmon 0-0: Ball
1-0: Fly out, F7 (Flyball, 7D, EV 101.2 MPH)
Batting: LHB Rich Matthews 0-0: Ball
Jonathan Spino steals 3rd base
1-0: Fly out, F9 (Line Drive, 9D, EV 87.5 MPH)
Runner from 3rd tags up, SCORES, throw by RF
Batting: LHB Dave Northam 0-0: Ball
1-0: Foul Ball, location: 2F
1-1: Foul Ball, location: 2F
1-2: Foul Ball, location: 2F
1-2: Ball
2-2: Foul Ball, location: 2F
2-2: Ball
3-2: Foul Ball, location: 2F
3-2: Fly out, F9 (Flyball, 89M, EV 82.5 MPH)
Top of the 3rd over - 1 run, 1 hit, 0 errors, 0 left on base; Trois-Riveres 1 - Columbus 0
BOTTOM OF THE 3RD
Columbus Reds batting - Pitching for Trois-Riveres Aigles : RHP Angelo Mora
Batting: SHB Cesar Pelayo 0-0: Ball
1-0: Ball
2-0: Ball
3-0: Base on Balls
Batting: LHB Keith Egan 0-0: Called Strike
0-1: Foul Ball, location: 2F
0-2: Fielders Choice at 2nd, 4-6 (Groundball, 34, EV 87.5 MPH)
Batting: LHB Jamie Spangenberg 0-0: Ball
1-0: Fielders Choice at 2nd, 5-4 (Groundball, 56, EV 89.4 MPH)
Batting: SHB Kristian Kristensen 0-0: Fly out, F8 (Flyball, 8RM, EV 91.9 MPH)
Bottom of the 3rd over - 0 runs, 0 hits, 0 errors, 1 left on base; Trois-Riveres 1 - Columbus 0
TOP OF THE 4TH
Trois-Riveres Aigles batting - Pitching for Columbus Reds : RHP Brian Trejo
Batting: RHB Jason Penfield 0-0: Ball
1-0: Ground out 6-3 (Groundball, 6, EV 82.5 MPH)
Batting: RHB Alex Diaz 0-0: Fly out, F9 (Flyball, 9S, EV 94.4 MPH)
Batting: LHB Sean Banks 0-0: Foul Ball, location: 2F
0-1: Called Strike
0-2: Ball
1-2: TRIPLE (Line Drive, 78XD, EV 107.5 MPH)
Batting: RHB Alex Koral 0-0: Ball
1-0: Called Strike
1-1: Reached via error on a dropped throw from SS, E3 (Groundball, 6, EV 82.5 MPH)
Sean Banks scores
Batting: RHB Wan-ling Zhu 0-0: Fly out, F9 (Flyball, 9LM, EV 84.4 MPH)
Top of the 4th over - 1 run, 1 hit, 1 error, 1 left on base; Trois-Riveres 2 - Columbus 0
BOTTOM OF THE 4TH
Columbus Reds batting - Pitching for Trois-Riveres Aigles : RHP Angelo Mora
Batting: LHB Matt Kennedy 0-0: Foul Ball, location: 2F
0-1: Ball
1-1: Foul Ball, location: 2F
1-2: Ball
2-2: Foul Ball, location: 2F
2-2: Ball
3-2: Ground out 6-3 (Groundball, 6M, EV 85.0 MPH)
Batting: RHB Andy Bachman 0-0: Called Strike
0-1: Called Strike
0-2: Ball
1-2: Foul Ball, location: 2F
1-2: Ball
2-2: Ball
3-2: Base on Balls
Batting: SHB Jaivata Mohanty 0-0: Ball
1-0: Called Strike
1-1: Ball
2-1: Foul Ball, location: 2F
2-2: Ball
3-2: SINGLE (Flyball, 78S, EV 92.5 MPH)
Andy Bachman to second
Batting: RHB Sang-ton Pak 0-0: Swinging Strike
0-1: Ball
1-1: Foul Ball, location: 2F
1-2: Strikes out looking
Batting: RHB Juan Zamora 0-0: Ground out 2-3 (Groundball, 2R, EV 67.5 MPH)
Bottom of the 4th over - 0 runs, 1 hit, 0 errors, 2 left on base; Trois-Riveres 2 - Columbus 0
TOP OF THE 5TH
Trois-Riveres Aigles batting - Pitching for Columbus Reds : RHP Brian Trejo
Batting: LHB Jonathan Spino 0-0: Ball
1-0: Ball
2-0: Foul Ball, location: 2F
2-1: Ball
3-1: Foul Ball, location: 2F
3-2: SINGLE (Flyball, 3D, EV 85.6 MPH)
Batting: RHB Josh Harmon 0-0: Foul Ball, location: 2F
0-1: Called Strike
Jonathan Spino steals 2nd base
0-2: SINGLE (Line Drive, 7LS, EV 103.1 MPH)
Jonathan Spino to third
Batting: LHB Rich Matthews 0-0: Fly out, F7 (Flyball, 78S, EV 85.6 MPH)
Batting: LHB Dave Northam 0-0: Ball
1-0: Ground out 5-3 (Groundball, 56S, EV 75.0 MPH)
Josh Harmon to second
Batting: RHB Jason Penfield 0-0: Ball
1-0: Foul Ball, location: 2F
1-1: SINGLE (Groundball, 25, EV 70.0 MPH) (infield hit)
Jonathan Spino scores
Josh Harmon to third
Batting: RHB Alex Diaz 0-0: Ball
1-0: Ball
2-0: Called Strike
2-1: Ball
3-1: Foul Ball, location: 2F
3-2: Foul Ball, location: 2F
3-2: Fly out, F8 (Line Drive, 8LM, EV 93.8 MPH)
Top of the 5th over - 1 run, 3 hits, 0 errors, 2 left on base; Trois-Riveres 3 - Columbus 0
BOTTOM OF THE 5TH
Columbus Reds batting - Pitching for Trois-Riveres Aigles : RHP Angelo Mora
Batting: SHB Cesar Pelayo 0-0: Called Strike
0-1: Foul Ball, location: 2F
0-2: Ball
1-2: Ball
2-2: Ball
3-2: Fly out, F9 (Flyball, 9LM, EV 100.0 MPH)
Batting: LHB Keith Egan 0-0: Ball
1-0: Fly out, F8 (Flyball, 8LS, EV 85.6 MPH)
Batting: LHB Jamie Spangenberg 0-0: Ball
1-0: SINGLE (Line Drive, 9LS, EV 106.9 MPH)
Batting: SHB Kristian Kristensen 0-0: Ball
1-0: Foul Ball, location: 2F
1-1: Foul Ball, location: 2F
1-2: SINGLE (Flyball, 8LS, EV 88.8 MPH)
Jamie Spangenberg to second
Batting: LHB Matt Kennedy 0-0: Ball
1-0: Ball
2-0: Foul Ball, location: 2F
2-1: Ball
3-1: Foul Ball, location: 2F
3-2: Foul Ball, location: 2F
3-2: Foul Ball, location: 2F
3-2: SINGLE (Flyball, 6MD, EV 95.0 MPH)
Jamie Spangenberg to third
Kristian Kristensen to second
Jamie Spangenberg scores
Kristian Kristensen to third
Batting: RHB Andy Bachman 0-0: Swinging Strike
0-1: SINGLE (Flyball, 89S, EV 96.9 MPH)
Kristian Kristensen scores
Matt Kennedy to second
Batting: SHB Jaivata Mohanty 0-0: Ball
1-0: Called Strike
1-1: Ball
2-1: Ball
3-1: Foul Ball, location: 2F
3-2: Strikes out swinging
Bottom of the 5th over - 2 runs, 4 hits, 0 errors, 2 left on base; Trois-Riveres 3 - Columbus 2
TOP OF THE 6TH
Trois-Riveres Aigles batting - Pitching for Columbus Reds : RHP Brian Trejo
Batting: LHB Sean Banks 0-0: SINGLE (Flyball, 78S, EV 88.1 MPH)
Batting: RHB Alex Koral 0-0: Ball
1-0: Foul Ball, location: 2F
1-1: Grounds into double play, 5-4-3 (Groundball, 56, EV 86.2 MPH)
Batting: RHB Wan-ling Zhu 0-0: Ball
1-0: Ball
2-0: Called Strike
2-1: Ball
3-1: Base on Balls
Batting: LHB Jonathan Spino 0-0: Ball
1-0: Called Strike
1-1: Foul Ball, location: 2F
1-2: Ball
2-2: Foul Ball, location: 2F
2-2: Ball
3-2: Strikes out swinging, 2-3 out at first.
Top of the 6th over - 0 runs, 1 hit, 0 errors, 1 left on base; Trois-Riveres 3 - Columbus 2
BOTTOM OF THE 6TH
Columbus Reds batting - Pitching for Trois-Riveres Aigles : RHP Angelo Mora
Batting: RHB Sang-ton Pak 0-0: Foul Ball, location: 2F
0-1: Foul Ball, location: 2F
0-2: Ground out 5-3 (Groundball, 56, EV 105.0 MPH)
Batting: RHB Juan Zamora 0-0: Fly out, F1 (Line Drive, P, EV 63.1 MPH)
Batting: SHB Cesar Pelayo 0-0: Called Strike
0-1: Ball
1-1: SINGLE (Flyball, 4D, EV 72.5 MPH)
Batting: LHB Keith Egan 0-0: Foul Ball, location: 2F
0-1: Foul Ball, location: 2F
0-2: Ball
1-2: Ball
2-2: Ball
3-2: 2-RUN HOME RUN (Flyball, 9LD, EV 99.4 MPH), Distance : 356 ft
Batting: LHB Jamie Spangenberg 0-0: Called Strike
0-1: Ground out U3 (Groundball, 34S, EV 76.9 MPH)
Bottom of the 6th over - 2 runs, 2 hits, 0 errors, 0 left on base; Trois-Riveres 3 - Columbus 4
TOP OF THE 7TH
Trois-Riveres Aigles batting - Pitching for Columbus Reds : RHP Brian Trejo
Now at C: Elijah Benton
Now at 1B: Ernie Maldonado
Now in LF: Tim Kirk
Now in CF: Keith Egan
Now in RF: Ben Burkholder
Batting: RHB Josh Harmon 0-0: DOUBLE (Groundball, 5L, EV 98.8 MPH)
Batting: LHB Rich Matthews 0-0: Ball
1-0: Foul Ball, location: 2F
1-1: Ball
2-1: Swinging Strike
2-2: Foul Ball, location: 2F
2-2: Foul Ball, location: 2F
2-2: Foul Ball, location: 2F
2-2: Strikes out swinging
Batting: LHB Dave Northam 0-0: Called Strike
0-1: Swinging Strike
0-2: Ball
1-2: Foul Ball, location: 2F
1-2: Foul Ball, location: 2F
1-2: Foul Ball, location: 2F
1-2: Ball
2-2: Foul Ball, location: 2F
2-2: Foul Ball, location: 2F
2-2: Ball
3-2: Base on Balls
Pinch Runner at 2nd Khalil Walker:
Pinch Hitting: SHB Ray Luna 0-0: Called Strike
0-1: Foul Ball, location: 2F
0-2: Ball
1-2: Foul Ball, location: 2F
1-2: Foul Ball, location: 2F
1-2: SINGLE (Groundball, 6S, EV 66.9 MPH) (infield hit)
Khalil Walker to third
Dave Northam to second
Batting: RHB Alex Diaz 0-0: Called Strike
0-1: Foul Ball, location: 2F
0-2: Grounds into fielders choice 5-2 (Groundball, 56S, EV 61.9 MPH)
Dave Northam to third
Ray Luna to second
Batting: LHB Sean Banks 0-0: Foul Ball, location: 2F
0-1: Ground out U3 (Groundball, 3, EV 78.8 MPH)
Top of the 7th over - 0 runs, 2 hits, 0 errors, 3 left on base; Trois-Riveres 3 - Columbus 4
BOTTOM OF THE 7TH
Columbus Reds batting - Pitching for Trois-Riveres Aigles : RHP Angelo Mora
Pitching: LHP Ryan Folks
Now at 2B: Ray Luna
Batting: SHB Kristian Kristensen 0-0: Ball
1-0: Fly out, F7 (Flyball, 7S, EV 90.0 MPH)
Batting: LHB Tim Kirk 0-0: Called Strike
0-1: Fly out, F7 (Flyball, 7LM, EV 102.5 MPH)
Batting: RHB Andy Bachman 0-0: TRIPLE (Line Drive, 89XD, EV 105.6 MPH)
Batting: SHB Jaivata Mohanty 0-0: Ball
1-0: Foul Ball, location: 2F
1-1: Ground out U3 (Groundball, 34, EV 99.4 MPH)
Bottom of the 7th over - 0 runs, 1 hit, 0 errors, 1 left on base; Trois-Riveres 3 - Columbus 4
TOP OF THE 8TH
Trois-Riveres Aigles batting - Pitching for Columbus Reds : RHP Brian Trejo
Now at 2B: Alex de Leon
Now at 3B: Gustavo Froio
Pinch Hitting: LHB Oscar Curiel 0-0: Ball
1-0: Foul Ball, location: 2F
1-1: Foul Ball, location: 2F
1-2: Foul Ball, location: 2F
1-2: Strikes out swinging
Pinch Hitting: RHB Kyler Seitz 0-0: Ball
1-0: SOLO HOME RUN (Flyball, 7LD, EV 96.9 MPH), Distance : 360 ft
Batting: LHB Jonathan Spino 0-0: Ball
1-0: Foul Ball, location: 2F
1-1: Called Strike
1-2: Strikes out swinging
Batting: RHB Khalil Walker 0-0: Called Strike
0-1: Foul Ball, location: 2F
0-2: Ball
1-2: Ball
2-2: Ball
3-2: Strikes out swinging
Top of the 8th over - 1 run, 1 hit, 0 errors, 0 left on base; Trois-Riveres 4 - Columbus 4
BOTTOM OF THE 8TH
Columbus Reds batting - Pitching for Trois-Riveres Aigles : LHP Ryan Folks
Now at 3B: Dave Reynoso
Now at SS: John Downing
Batting: RHB Ben Burkholder 0-0: Fly out, F8 (Flyball, 8LD, EV 103.1 MPH)
Batting: RHB Juan Zamora 0-0: Called Strike
0-1: Swinging Strike
0-2: Strikes out swinging
Pinch Hitting: RHB Alex Villagomez 0-0: Called Strike
0-1: Ball
1-1: Foul Ball, location: 2F
1-2: Foul Ball, location: 2F
1-2: Strikes out looking
Bottom of the 8th over - 0 runs, 0 hits, 0 errors, 0 left on base; Trois-Riveres 4 - Columbus 4
TOP OF THE 9TH
Trois-Riveres Aigles batting - Pitching for Columbus Reds : RHP Brian Trejo
Now at C: Aaron Barraza
Batting: LHB Rich Matthews 0-0: Ball
1-0: SINGLE (Groundball, 4, EV 93.8 MPH)
Batting: LHB Dave Northam 0-0: Called Strike
0-1: Ball
1-1: Ball
2-1: SINGLE (Groundball, 4MD, EV 107.5 MPH)
Rich Matthews to second
Pinch Runner at 2nd Ryan Holzwart:
Batting: SHB Ray Luna 0-0: Called Strike
0-1: Called Strike
0-2: Ball
1-2: Ball
2-2: Ball
3-2: Foul Ball, location: 2F
3-2: Foul Ball, location: 2F
3-2: Foul Ball, location: 2F
3-2: Foul Ball, location: 2F
3-2: Fly out, F5 (Popup, 56, EV 78.1 MPH)
Pinch Hitting: LHB Tony Zizumbo 0-0: Ball
1-0: Ball
2-0: Ball
3-0: Base on Balls
Ryan Holzwart to third
Dave Northam to second
Batting: LHB Sean Banks 0-0: Called Strike
0-1: Swinging Strike
0-2: GRAND SLAM HOME RUN (Line Drive, 9D, EV 111.2 MPH), Distance : 408 ft
Pitching: RHP Guang Jue
Batting: RHB John Downing 0-0: Ball
1-0: Ball
2-0: Foul Ball, location: 2F
2-1: Foul Ball, location: 2F
2-2: Ball
3-2: Foul Ball, location: 2F
3-2: Base on Balls
Batting: SHB Dave Reynoso 0-0: SINGLE (Groundball, 6MD, EV 111.9 MPH)
John Downing to second
Runner from 2nd tries for 3rd, SAFE, throw by CF made to third
Batting: LHB Jonathan Spino 0-0: Called Strike
Dave Reynoso steals 2nd base
0-1: Ball
1-1: Fly out, F8 (Flyball, 8RXD, EV 90.6 MPH)
Runner from 3rd tags up, SCORES, no throw by CF
Batting: RHB Khalil Walker 0-0: Called Strike
0-1: Swinging Strike
0-2: Ball
1-2: Ball
2-2: Foul Ball, location: 2F
2-2: Strikes out swinging, 2-3 out at first.
Top of the 9th over - 5 runs, 4 hits, 0 errors, 1 left on base; Trois-Riveres 9 - Columbus 4
BOTTOM OF THE 9TH
Columbus Reds batting - Pitching for Trois-Riveres Aigles : LHP Ryan Folks
Now at C: Roy Johnson
Now in LF: Joe Hartigan
Now in RF: Sean Banks
Batting: LHB Keith Egan 0-0: Ball
1-0: Ball
2-0: Ground out 4-3 (Groundball, 4, EV 92.5 MPH)
Batting: RHB Ernie Maldonado 0-0: Ball
1-0: SINGLE (Line Drive, 9S, EV 103.1 MPH)
Batting: SHB Kristian Kristensen 0-0: Swinging Strike
0-1: Ball
1-1: Foul Ball, location: 2F
1-2: Ball
2-2: Strikes out swinging
Batting: LHB Tim Kirk 0-0: Foul Ball, location: 2F
0-1: Ball
1-1: Fly out, F3 (Line Drive, 3, EV 71.2 MPH)
Bottom of the 9th over - 0 runs, 1 hit, 0 errors, 1 left on base; Trois-Riveres 9 - Columbus 4
Wednesday, June 22nd , 2022 - OOTP Baseball 23.4 Build 64